 Dungeon Crawl Stone Soup version 0.23.0 (webtiles) character file.

Game seed: 9537982579749068963

16413 Flooderbenga the Cleaver (level 12, -4/112 HPs)
             Began as a Deep Dwarf Fighter on Feb 7, 2019.
             Was a Priest of Makhleb.
             Slain by a blink frog (15 damage)
             ... on level 3 of the Lair of Beasts on Feb 8, 2019.
             The game lasted 00:23:35 (8551 turns).

Flooderbenga the Cleaver (Deep Dwarf Fighter)       Turns: 8551, Time: 00:23:36

Health: -4/112     AC: 14    Str: 25    XL:     12   Next: 9%
Magic:  0/1        EV: 13    Int:  9    God:    Makhleb [***...]
Gold:   222        SH: 13    Dex: 12    Spells: 11/11 levels left

rFire    . . .     SeeInvis .   a - +0 war axe
rCold    . . .     Gourm    .   c - +1 shield
rNeg     . . .     Faith    .   G - +0 ring mail {rPois}
rPois    +         Spirit   .   (no helmet)
rElec    .         Reflect  .   O - +1 cloak
rCorr    .         Harm     .   (no gloves)
MR       +....                  (no boots)
Stlth    +.........             (no amulet)
HPRegen  0.00/turn              (no ring)
MPRegen  0.07/turn              j - +5 ring of protection

@: non-regenerating
A: damage resistance, heal wounds, sense surroundings 2, no regeneration
a: Heal Wounds, Minor Destruction, Lesser Servant of Makhleb, Renounce Religion


You were on level 3 of the Lair of Beasts.
You worshipped Makhleb.
Makhleb was most pleased with you.
You were not hungry.

You visited 3 branches of the dungeon, and saw 15 of its levels.
You also visited: Ossuary and Volcano.

You collected 450 gold pieces.
You spent 228 gold pieces at shops.

Inventory:

Hand Weapons
 a - a +0 war axe (weapon)
 b - a +2 flail of protection
Missiles
 H - 3 throwing nets (quivered)
Armour
 c - a +1 shield (worn)
 G - a +0 ring mail of poison resistance (worn)
 J - a +0 scale mail
 O - a +1 cloak (worn)
Jewellery
 j - a +5 ring of protection (right hand)
 C - an uncursed ring of positive energy
 P - a +3 ring of protection
Wands
 d - a wand of disintegration (5)
 y - a wand of acid (16)
 F - a wand of iceblast (16)
 N - a wand of random effects (33)
 Q - a wand of clouds (8)
 S - a wand of paralysis (8)
Scrolls
 g - 4 scrolls of teleportation {@r3}
 h - a scroll of fear {@r5}
 i - 4 scrolls of enchant armour
 l - 2 scrolls of blinking {@r4}
 n - 8 scrolls of remove curse {@r2}
 r - 3 scrolls of identify {@r1}
 s - 3 scrolls of enchant weapon
 t - 2 scrolls of magic mapping
 w - a scroll of acquirement
 B - 2 scrolls of fog {@r4}
 L - 2 scrolls of amnesia
 M - 2 scrolls of silence {unknown}
 R - a scroll of random uselessness {unknown}
Potions
 e - a potion of might {@q4}
 k - 3 potions of curing {@q1}
 m - 3 potions of flight
 o - a potion of heal wounds {@q2}
 p - 2 potions of degeneration
 q - 3 potions of agility {@q5}
 u - 3 potions of resistance
 v - 3 potions of ambrosia
 x - 3 potions of haste {@q3}
 A - a potion of invisibility
 I - a potion of brilliance
Comestibles
 f - 15 rations


   Skills:
 - Level 8.8 Fighting
 - Level 13.5 Axes
 - Level 7.7 Armour
 - Level 6.7 Dodging
 - Level 10.2 Shields
 * Level 1.4 Invocations


You had 11 spell levels left.
You didn't know any spells.
Your spell library was empty.

Dungeon Overview and Level Annotations

Branches:
Dungeon (11/15)            Temple (1/1) D:7            Lair (3/6) D:9
  Swamp (0/4) Lair:2          Orc (0/2) D:10
  Snake: Lair:2-4    Spider: Lair:2-4

Altars:
Ashenzari
Cheibriados
Dithmenos
Elyvilon
Fedhas
Gozag
Hepliaklqana
Kikubaaqudgha
Makhleb
Nemelex Xobeh
Okawaru
Qazlal
Ru
Sif Muna
Trog
Uskayaw
Vehumet
Wu Jian
Xom
Yredelemnul
Zin
The Shining One

Shops:
D:5 :   D:8 !

Annotations:
Lair:1 2 transporters, Esekla's ghost, journeyman FoWn


Innate Abilities, Weirdness & Mutations

You are resistant to damage.
You can heal yourself by infusing magical energy.
You passively map the area around you.
You do not regenerate.


Message History

Makhleb accepts your kill.
Your Invocations skill increases to level 1!
You hit the plant but do no damage.
The blink frog blinks!
Okay, then.
Unknown command.
Search for what [Enter for "axe", or ? for help]? mp+ Can't find anything matching that.
Unknown command.
Unknown command.
You closely miss the blink frog. You slash the fungus!
The blink frog blinks! x2
The blink frog blinks!
You slice the blink frog!! You slice the fungus!!
The blink frog completely misses you.
You miss the blink frog. You slash the fungus!
You block the blink frog's attack.
You slash the blink frog! You slash the fungus!
You destroy the fungus!
You block the blink frog's attack. The blink frog hits you!
You die... ** ** * * ≈ * ≈≈ ########### ### #♣ ≈≈ #####.##.#.#.P#####P#####P♣ F≈F

#................F.†......♣ P≈≈F
##.............F@.####...#.♣≈≈≈≈≈
#..###..#.##.....#####...#..≈P≈≈≈
#..##..#####.....#.....F...≈≈≈≈≈
#PP#.#.#####....##.........≈P≈P≈
##...+....+.'<....#.........≈≈P≈≈
#...#.....###.÷.............PP≈≈≈
#...#..#P.###.÷..#.......+..≈≈P≈≈
.#.#.#.#####P.....#......#.......
##..#...##*##....########...)....


You could see 2 blink frogs.

Vanquished Creatures
  Josephine (D:10)
  Harold (D:10)
  2 hydras (Lair:3)
  A two-headed ogre (D:10)
  Nergalle (D:11)
  Sonja (D:10)
  An unseen horror (D:8)
  A black mamba (Lair:3)
  3 spiny frogs
  4 komodo dragons
  A troll (D:9)
  A merfolk (D:10)
  Prince Ribbit (D:8)
  A hornet (D:8)
  3 hippogriffs
  A blink frog (Lair:3)
  A spriggan (D:10)
  10 yaks (Lair:1)
  3 wraiths (D:10)
  Grum (D:8)
  A basilisk (Lair:3)
  Menkaure (D:5)
  5 water moccasins
  A porcupine (Lair:1)
  5 orc warriors
  2 sky beasts
  A hornet zombie (D:7)
  3 phantoms
  2 wolves (D:8)
  5 ogres
  3 centaurs
  3 crocodiles
  Blork the orc (D:5)
  7 bullfrogs
  A wyvern skeleton (D:10)
  A water moccasin skeleton (D:10)
  4 scorpions
  5 killer bees (D:8)
  5 wights (D:9)
  3 howler monkeys (D:9)
  A bullfrog zombie (D:10)
  2 crimson imps
  A centaur zombie (Ossuary)
  2 hounds (D:9)
  3 jellies
  8 orc priests
  A gnoll shaman (D:9)
  11 orc wizards
  2 centaur skeletons
  Ijyb (D:5)
  Terence (D:2)
  2 iguanas
  4 worker ants
  A killer bee zombie (D:10)
  A hound zombie (D:5)
  2 mummies (Ossuary)
  3 gnolls
  6 adders
  A shadow imp (D:9)
  3 adder zombies (Ossuary)
  An adder skeleton (D:7)
  4 worms
  2 dart slugs
  5 leopard geckos
  39 orcs
  3 ball pythons (D:1)
  A giant cockroach (D:8)
  2 goblins
  2 hobgoblins
  4 jackals
  2 quokkas
  3 bats
  5 frilled lizards
  2 goblin zombies (Ossuary)
  15 hobgoblin zombies (Ossuary)
  A jackal zombie (Ossuary)
  2 kobolds
  6 kobold zombies (Ossuary)
  8 orc zombies (Ossuary)
  A quokka skeleton (D:5)
  3 rats
  A fungus (Lair:3)
266 creatures vanquished.

Vanquished Creatures (collateral kills)
  A hippogriff (Lair:3)
1 creature vanquished.

Vanquished Creatures (others)
  An adder (D:10)
  2 plants (D:9)
3 creatures vanquished.

Grand Total: 270 creatures vanquished

Notes
Turn   | Place    | Note
-------+----------+-------------------------------------------
     0 | D:1      | Flooderbenga the Deep Dwarf Fighter began the quest for the
                  | Orb.
     0 | D:1      | Reached XP level 1. HP: 20/20 MP: 1/1
    88 | D:1      | Reached XP level 2. HP: 25/27 MP: 2/2
   473 | D:2      | Noticed Terence
   486 | D:2      | Killed Terence
   486 | D:2      | Reached skill level 3 in Axes
   486 | D:2      | Reached XP level 3. HP: 25/34 MP: 3/3
   789 | D:2      | Found an iron altar of Okawaru.
   792 | D:2      | Reached XP level 4. HP: 33/42 MP: 4/4
   916 | D:2      | Reached skill level 4 in Axes
  1218 | D:3      | Noticed a fire elemental
  1225 | D:3      | Noticed an earth elemental
  1227 | D:3      | Found a stormy altar of Qazlal.
  1228 | D:3      | Noticed an air elemental
  1228 | D:3      | Noticed a water elemental
  1684 | D:4      | Reached XP level 5. HP: 33/49 MP: 5/5
  1764 | D:4      | Found a sand-covered staircase.
  1818 | Ossuary  | Entered an ossuary
  1872 | Ossuary  | Reached skill level 5 in Axes
  2097 | D:5      | Entered Level 5 of the Dungeon
  2107 | D:5      | Noticed Ijyb
  2117 | D:5      | Killed Ijyb
  2117 | D:5      | Reached XP level 6. HP: 26/57 MP: 6/6
  2168 | D:5      | Reached skill level 6 in Axes
  2259 | D:5      | Noticed Blork the orc
  2269 | D:5      | Killed Blork the orc
  2278 | D:5      | Upgraded the game from 0.23-b1-84-g6588a6b to 0.23.0
  2411 | D:5      | Noticed Menkaure
  2421 | D:5      | Killed Menkaure
  2421 | D:5      | Reached skill level 7 in Axes
  2421 | D:5      | Reached XP level 7. HP: 29/66 MP: 7/7
  2698 | D:5      | Found Disair's Book Shop.
  2736 | D:5      | Reached skill level 5 in Fighting
  3272 | D:6      | Reached skill level 8 in Axes
  3569 | D:6      | Reached XP level 8. HP: 26/76 MP: 7/7
  3673 | D:7      | Reached skill level 9 in Axes
  3705 | D:7      | Found a staircase to the Ecumenical Temple.
  3764 | Temple   | Entered the Ecumenical Temple
  3861 | Temple   | Became a worshipper of Makhleb the Destroyer
  3980 | D:7      | Found the +7 great mace "Undeadhunter" {disrupt, rN+}
  4213 | D:7      | Noticed a hippogriff
  4224 | D:7      | Killed a hippogriff
  4432 | D:7      | Reached skill level 10 in Axes
  5057 | D:8      | Found Tistrasche's Distillery.
  5057 | D:8      | Noticed a hornet
  5066 | D:8      | Killed a hornet
  5066 | D:8      | Gained mutation: You passively map the area around you.
                  | [Deep Dwarf growth]
  5066 | D:8      | Reached XP level 9. HP: 61/85 MP: 6/6
  5073 | D:8      | Bought a potion of curing for 36 gold pieces
  5073 | D:8      | Bought a potion of berserk rage for 60 gold pieces
  5073 | D:8      | Bought a potion of flight for 36 gold pieces
  5073 | D:8      | Bought a potion of might for 48 gold pieces
  5073 | D:8      | Bought a potion of brilliance for 48 gold pieces
  5083 | D:8      | Reached skill level 1 in Dodging
  5092 | D:8      | Noticed Prince Ribbit
  5257 | D:8      | Reached skill level 5 in Shields
  5286 | D:8      | Reached * piety under Makhleb
  5352 | D:8      | Killed an unseen horror
  5352 | D:8      | Reached skill level 11 in Axes
  5434 | D:8      | Killed Prince Ribbit
  5473 | D:8      | Noticed Grum
  5485 | D:8      | Killed Grum
  5485 | D:8      | Reached skill level 5 in Armour
  5542 | D:8      | Reached XP level 10. HP: 70/94 MP: 4/4
  6044 | D:9      | Reached ** piety under Makhleb
  6297 | D:9      | Identified 2 scrolls of acquirement
  6406 | D:9      | Found a staircase to the Lair.
  6588 | D:10     | Entered Level 10 of the Dungeon
  6655 | D:10     | Noticed Sonja
  6656 | D:10     | Noticed Josephine
  6659 | D:10     | Found a staircase to the Orcish Mines.
  6664 | D:10     | Reached skill level 12 in Axes
  6841 | D:10     | Reached *** piety under Makhleb
  6884 | D:10     | Noticed Harold
  6898 | D:10     | Killed Harold
  6898 | D:10     | Reached skill level 5 in Dodging
  6898 | D:10     | Reached XP level 11. HP: 46/103 MP: 2/2
  7085 | D:10     | Killed Sonja
  7091 | D:10     | Noticed a two-headed ogre
  7102 | D:10     | Killed a two-headed ogre
  7231 | D:10     | Killed Josephine
  7359 | D:11     | Noticed Nergalle
  7388 | D:11     | Killed Nergalle
  7464 | Lair:1   | Entered Level 1 of the Lair of Beasts
  7473 | Lair:1   | Found a dark tunnel.
  7482 | Volcano  | Entered a volcano
  7660 | Lair:1   | Reached skill level 13 in Axes
  7744 | Lair:1   | Reached **** piety under Makhleb
  7928 | Lair:1   | Found a transporter.
  7944 | Lair:1   | Noticed Esekla's ghost (journeyman FoWn)
  7976 | Lair:1   | Found a transporter.
  8070 | Lair:2   | Noticed an eight-headed hydra
  8097 | Lair:2   | Found a staircase to the Swamp.
  8155 | Lair:3   | Reached skill level 10 in Shields
  8163 | Lair:3   | Noticed a six-headed hydra
  8173 | Lair:3   | Killed a six-headed hydra
  8243 | Lair:3   | Reached XP level 12. HP: 88/112 MP: 2/2
  8254 | Lair:3   | Noticed a five-headed hydra
  8271 | Lair:3   | Killed a five-headed hydra
  8542 | Lair:3   | Reached skill level 1 in Invocations
  8551 | Lair:3   | Slain by a blink frog

Skill      XL: |  1  2  3  4  5  6  7  8  9 10 11 12 |
---------------+-------------------------------------+-----
Fighting       | 3 4 5 6 7 8 |  8.8
Axes           | 3 4 5 7 8 10 11 12 13 | 13.5
Dodging        | 3 5 6 |  6.7
Shields        | 6 8 10 | 10.2
Armour         | 5 6 7 |  7.7
Invocations    | 1 |  1.4

Action                   |  1- 3 |  4- 6 |  7- 9 | 10-12 || total
-------------------------+-------+-------+-------+-------++-------
Melee: War axe           |    89 |   193 |   371 |   550 ||  1203
       Flail             |       |       |       |    49 ||    49
Invok: Lesser Servant of |       |       |       |     5 ||     5
       Minor Destruction |       |       |       |     1 ||     1
 Abil: Heal Wounds       |     1 |     9 |    26 |    32 ||    68
Evoke: Wand              |       |       |     3 |     4 ||     7
  Use: Potion            |     1 |     1 |       |     4 ||     6
       Scroll            |       |       |       |    17 ||    17
 Stab: Invisible         |       |       |       |     4 ||     4
       Sleeping          |       |       |       |     1 ||     1
  Eat: Chunk             |       |     6 |    10 |    11 ||    27
Armor: Scale mail        |    48 |    69 |    69 |       ||   186
       Skin              |     2 |       |       |       ||     2
       Ring mail         |       |       |    76 |   257 ||   333
Dodge: Dodged            |    25 |    47 |   136 |   349 ||   557
Block: Shield            |    57 |    92 |   217 |   460 ||   826
